 Dungeon Crawl Stone Soup version 0.13-a0-2676-gd993d8a (webtiles) character file.

3060 JacquesDerrida the Basher (level 9, -7/66 HPs)
             Began as a Demigod Skald on Aug 12, 2013.
             Killed from afar by an orc priest (8 damage)
             ... with a wand of fire
             ... on Level 8 of the Dungeon.
             The game lasted 00:27:08 (8354 turns).

JacquesDerrida the Basher (Demigod Skald)           Turns: 8354, Time: 00:27:08

HP  -7/66        AC  7     Str 16      XL: 9   Next: 15%
MP  14/20        EV 16     Int 19      God:
Gold 372         SH  0     Dex 16      Spells:  4 memorised,  2 levels left

Res.Fire  : . . .   See Invis. : +   z - +0,+4 mace of Pride {freeze, rPois rC+ rN+ Res.Cold : + . . Warding : . b - +0 leather armour Life Prot.: + . . Conserve : . (no shield)
Res.Poison: +       Res.Corr.  : .   n - +2 helmet {SInv}
Res.Elec. : .       Clarity    : .   (no cloak)
Sust.Abil.: . .     Spirit.Shd : .   L - +0 pair of gauntlets (curse)
Res.Mut.  : .       Rnd.Telep. : +   (no boots)
Res.Rott. : .       Flight     : .   (no amulet)
Saprovore : . . .                    s - cursed ring of teleportation
                                     l - +4 ring of evasion

@: about to teleport, somewhat resistant to hostile enchantments, unstealthy
A: no striking features
a: Evoke Teleportation


You were on level 8 of the Dungeon.
You were not hungry.

You visited 1 branch of the dungeon, and saw 8 of its levels.

You collected 424 gold pieces.
You spent 72 gold pieces at shops.

Inventory:

Hand weapons
 g - a cursed +0,-3 great mace
 o - a +2,+2 whip of holy wrath
 v - the cursed +0,+0 dagger "Streeded" {stab, rF++ Str+4}
   (You found it on level 4 of the Dungeon)

   It inflicts extra damage upon your enemies.
   It affects your strength (+4).
   It greatly protects you from fire.
   It has a curse placed upon it.
 z - the +0,+4 mace of Pride (weapon) {freeze, rPois rC+ rN+ Int-2 Stlth}
   (You found it on level 6 of the Dungeon)

   It has been specially enchanted to freeze those struck by it, causing extra
   injury to most foes and up to double damage against particularly susceptible
   opponents.
   It can also slow down cold-blooded creatures.
   It affects your intelligence (-2).
   It protects you from cold.
   It protects you from poison.
   It protects you from negative energy.
   It makes you more stealthy.
 B - a +2,+1 orcish mace of protection
 O - a +0 blowgun
Missiles
 u - 4 darts of flame (quivered)
 w - 7 needles of sleeping
 P - 5 poisoned needles
Armour
 b - a +0 leather armour (worn)
 n - a +2 helmet of see invisible (worn)
 y - a +0 helmet
 L - a cursed +0 pair of gauntlets (worn)
Comestibles
 d - 5 bread rations
 D - 2 meat rations
 E - an apple
 G - a pear
 H - 11 strawberries
Scrolls
 e - a scroll of recharging
 h - a scroll of noise
Jewellery
 l - a +4 ring of evasion (left hand)
 s - a cursed ring of teleportation (right hand)
 F - an uncursed ring of protection from fire
 K - a +3 ring of strength {unknown}
 M - an uncursed amulet of stasis
Potions
 k - 4 potions of curing
 p - a potion of beneficial mutation {unknown}
 q - 2 potions of restore abilities
 x - a potion of magic
 A - 2 potions of cure mutation
Books
 c - a book of Battle

   Spells                             Type                      Level
   *Infusion                          Charms                       1
   *Shroud of Golubria                Charms/Translocation         2
   Song of Slaying                    Charms                       2
   *Spectral Weapon                   Hexes/Charms                 3
   *Regeneration                      Charms/Necromancy            3
   Song of Shielding                  Charms                       4


   Skills:
 - Level 1.7 Fighting
 + Level 10.6 Maces & Flails
 - Level 0.8 Armour
 - Level 3.1 Dodging
 - Level 1.7 Spellcasting
 - Level 5.1 Charms


You had 2 spell levels left.
You knew the following spells:

 Your Spells              Type           Power        Failure   Level  Hunger
a - Infusion              Chrm           ###...       1%          1    #......
b - Spectral Weapon       Hex/Chrm       ##......     17%         3    ####...
c - Regeneration          Chrm/Necr      ##........   17%         3    ####...
d - Shroud of Golubria    Chrm/Tloc      ##........   10%         2    ###....


Dungeon Overview and Level Annotations

Branches:
Dungeon (8/27)             Temple (0/1) D:5             Orc (0/4) D:8
   Lair: D:8-13

Shops:
D:4: !

Annotations
D:6 balrug with DW


Message History

Okay, then.
You can't take your gloves off to remove any rings!
You aren't carrying any items that can be evoked.
* * * LOW HITPOINT WARNING * * *
You feel sick.
You feel better. The orc hits you with an orcish flail.
* * * LOW HITPOINT WARNING * * *
The orc priest's eyes start to glow.
Read which item? (? for menu, Esc to quit)
As you read the scroll of teleportation, it crumbles to dust.
You feel strangely unstable. The orc hits you with an orcish flail!
* * * LOW HITPOINT WARNING * * *
The orc hits your spectral weapon with an orcish war axe!
Your spectral weapon shares its damage with you!
Your spectral weapon fades away.
* * * LOW HITPOINT WARNING * * *
The orc throws a stone.
The stone misses you.
The orc priest zaps a wand.
The bolt of fire hits you!
You die...

......# #..........#
#....
......########$..%......#
#....
<.[...#......'..........#
#....
........######..........#
###..(. ......###
#....).....# #......
......#
#..........#...#....
......# #..........#.#
#..(. ).....#
#..........#.# #....
......# #..@.......'.#
#...% .######
#(....o.(..### #.... .#
#......o(..# ###)# ..
###.o.###### #). #.
#####.######## ######' .
#....o.....).# #......
#.##### #............#
#..(... ......#
#............# #.(....
......#
#o.....>.....###......


You could see an orc priest, an orc wizard and 2 orcs.

Vanquished Creatures
  A troll (D:7)
  The ghost of Illaniel the Charmwright, an average HESk (D:4)
  A necrophage (D:8)
  2 orc warriors
  2 ice beasts
  4 ogres
  Sigmund (D:4)
  2 giant frogs
  6 killer bees
  4 crimson imps
  2 hounds
  4 orc priests
  3 scorpions
  3 orc wizards
  8 worker ants
  2 iguanas (D:6)
  Ijyb (D:3)
  A hound zombie (D:7)
  A hound skeleton (D:5)
  A worm zombie (D:2)
  8 adders
  An inept item mimic (D:4)
  5 worms
  A giant eyeball (D:4)
  30 orcs
  2 ball pythons
  15 bats
  A bat zombie (D:2)
  6 giant cockroaches
  17 goblins
  17 hobgoblins
  15 jackals
  16 kobolds
  A quokka (D:2)
  A giant cockroach zombie (D:6)
  3 giant geckos
  6 giant newts
  A hobgoblin skeleton (D:2)
  A hobgoblin zombie (D:2)
  A jackal zombie (D:6)
  A kobold skeleton (D:4)
  4 orc skeletons
  An orc zombie (D:2)
  14 rats
  2 rat skeletons
220 creatures vanquished.

Vanquished Creatures (others)
  7 spectral weapons
  An orc (D:8)
  A bat (D:3)
9 creatures vanquished.

Grand Total: 229 creatures vanquished

Notes
Turn   | Place    | Note
--------------------------------------------------------------
     0 | D:1      | JacquesDerrida, the Demigod Skald, began the quest for the Orb.
     0 | D:1      | Reached XP level 1. HP: 16/16 MP: 5/5
   400 | D:1      | Reached XP level 2. HP: 20/23 MP: 6/6
  1044 | D:1      | Reached skill level 3 in Maces & Flails
  1296 | D:1      | Reached XP level 3. HP: 20/28 MP: 9/9
  1453 | D:2      | Learned a level 3 spell: Spectral Weapon
  2016 | D:2      | Reached skill level 4 in Maces & Flails
  2101 | D:2      | Reached XP level 4. HP: 20/35 MP: 7/11
  2793 | D:3      | Noticed Ijyb
  2811 | D:3      | Killed Ijyb
  3178 | D:3      | Reached skill level 5 in Maces & Flails
  3239 | D:3      | Reached XP level 5. HP: 30/41 MP: 10/13
  3547 | D:4      | Noticed Illaniel's ghost (average HESk)
  3929 | D:4      | Killed Illaniel's ghost
  3929 | D:4      | Reached skill level 6 in Maces & Flails
  3929 | D:4      | Reached XP level 6. HP: 48/48 MP: 15/15
  3982 | D:4      | Paralysed by a giant eyeball for 3 turns
  3986 | D:4      | Paralysed by a giant eyeball for 2 turns
  4038 | D:4      | Noticed Sigmund
  4052 | D:4      | Killed Sigmund
  4196 | D:4      | Got a brightly glowing dagger
  4198 | D:4      | Identified the cursed +0,+0 dagger "Streeded" {stab, rF++ Str+4} (You found it on level 4 of the Dungeon)
  4202 | D:4      | Found an iron altar of Okawaru.
  4518 | D:4      | Found Ferug's Distillery.
  4525 | D:4      | Bought a potion of heal wounds for 36 gold pieces
  4525 | D:4      | Bought a potion of heal wounds for 36 gold pieces
  4644 | D:5      | Entered Level 5 of the Dungeon
  4655 | D:5      | Reached skill level 7 in Maces & Flails
  4925 | D:5      | Found an iron altar of Okawaru.
  5099 | D:5      | Reached XP level 7. HP: 47/53 MP: 8/18
  5161 | D:5      | Found a sparkling altar of Nemelex Xobeh.
  5321 | D:5      | Found a staircase to the Ecumenical Temple.
  5512 | D:5      | Reached skill level 8 in Maces & Flails
  5519 | D:5      | Learned a level 3 spell: Regeneration
  5523 | D:5      | Learned a level 2 spell: Shroud of Golubria
  5602 | D:6      | Got a slimy mace
  5633 | D:5      | Identified the +0,+4 mace of Pride {freeze, rPois rC+ rN+ Int-2 Stlth} (You found it on level 6 of the Dungeon)
  5983 | D:6      | Found a burning altar of Makhleb.
  5983 | D:6      | Noticed a balrug
  5986 | D:6      | Noticed a smoke demon
  5986 | D:6      | Noticed a ynoxinul
  6028 | D:6      | Reached XP level 8. HP: 31/60 MP: 0/18
  6333 | D:6      | Reached skill level 9 in Maces & Flails
  7099 | D:7      | Reached skill level 5 in Charms
  7128 | D:7      | Reached skill level 1 in Dodging
  7184 | D:7      | Noticed a troll
  7207 | D:7      | Killed a troll
  7589 | D:8      | Noticed a troll
  7774 | D:8      | Reached skill level 10 in Maces & Flails
  7812 | D:8      | Reached XP level 9. HP: 59/66 MP: 11/20
  7925 | D:8      | Found a staircase to the Orcish Mines.
  8352 | D:8      | HP: 1/66 [orc/orcish war axe (3)]
  8354 | D:8      | Killed from afar by an orc priest

Action                   |  1- 3 |  4- 6 |  7- 9 || total
-------------------------+-------+-------+-------++-------
Melee: Mace              |   158 |   189 |   219 ||   566
       Flail             |       |    74 |    49 ||   123
 Cast: Infusion          |     5 |    16 |    23 ||    44
       Spectral Weapon   |     2 |     8 |    24 ||    34
       Shroud of Golubri |       |       |     3 ||     3
  Use: Scroll            |       |     7 |    13 ||    20
       Potion            |       |     5 |     4 ||     9
 Stab: Sleeping          |       |     2 |     2 ||     4
       Invisible         |       |     6 |       ||     6
       Distracted        |       |       |     3 ||     3
